 Dungeon Crawl Stone Soup version 0.26-a0-1138-gef23d1325b (webtiles) character file.

Game seed: 6513817244612519960

65 Adamkad1 the Shield-Bearer (level 4, -1/29 HPs)
             Began as a Gargoyle Fighter on Dec 21, 2020.
             Slain by Natasha (5 damage)
             ... on level 3 of the Dungeon.
             The game lasted 00:01:43 (1558 turns).

Adamkad1 the Shield-Bearer (Gargoyle Fighter)       Turns: 1558, Time: 00:01:43

Health: -1/29      AC: 10    Str: 20    XL:     4   Next: 13%
Magic:  4/4        EV:  7    Int:  9    God:
Gold:   104        SH:  9    Dex:  9    Spells: 3/3 levels left

rFire    . . .     SeeInvis .   a - +0 flail
rCold    . . .     Faith    .   c - +0 kite shield
rNeg     + . .     Spirit   .   b - +0 scale mail
rPois    ∞         Reflect  .   (no helmet)
rElec    +         Harm     .   (no cloak)
rCorr    .         Rampage  .   (no gloves)
Will     .....                  (no boots)
Stlth    ..........             (no amulet)
HPRegen  0.09/turn              (no ring)
MPRegen  0.09/turn              (no ring)

@: no status effects
A: negative energy resistance 1, electricity resistance, unbreathing,
petrification resistance, miasma immunity, AC +3
a: no special abilities


You were on level 3 of the Dungeon.
You visited 1 branch of the dungeon, and saw 3 of its levels.

You collected 104 gold pieces.

Inventory:

Hand Weapons
 a - a +0 flail (weapon)
Armour
 b - a +0 scale mail (worn)
 c - a +0 kite shield (worn)
Jewellery
 f - an uncursed ring of wizardry {unknown}
Wands
 n - a wand of acid (9)
Scrolls
 e - a scroll of teleportation {unknown}
 g - a scroll of blinking {unknown}
 i - a scroll of enchant weapon {unknown}
 j - 3 scrolls of identify {unknown}
 k - a scroll of magic mapping {unknown}
 m - 3 scrolls of noise {unknown}
 o - a scroll of remove curse {unknown}
Potions
 d - a potion of might
 h - 2 potions of curing {unknown}
 l - 2 potions of attraction {unknown}


   Skills:
 + Level 3.7 Fighting
 * Level 2.8 Maces & Flails
 + Level 3.7 Armour
 * Level 4.0 Shields


You had 3 spell levels left.
You didn't know any spells.
Your spell library was empty.

Dungeon Overview and Level Annotations

Branches:
Dungeon (3/15)

Altars:
Cheibriados

Annotations:
D:3 Natasha


Innate Abilities, Weirdness & Mutations

You are resistant to torment.
Your stone body is resilient. (AC +3)
You are immune to poison.
You resist negative energy. (rN+)
You are resistant to electric shocks. (rElec)
You can survive without breathing.
You are immune to petrification.
You are immune to miasma.


Message History

Natasha is severely wounded.
The kobold barely misses you. Natasha barely misses you.
The kobold hits you but does no damage.
You closely miss Natasha.
Natasha is severely wounded.
You block Natasha's attack. The kobold hits you but does no damage.
You barely miss Natasha.
Natasha is severely wounded.
Natasha barely misses you. You block the kobold's attack.
Your shield prevents you from hitting Natasha.
Natasha is severely wounded.
Natasha claws you.
* * * LOW HITPOINT WARNING * * *
The kobold hits you but does no damage.
Natasha stares at you and mumbles some strange words.
You resist with some effort. The kobold barely misses you.
You closely miss Natasha.
Natasha is severely wounded.
Natasha claws you.
You die...

##.##...#######.#.###.
#.....# #....... ##...##
###.#### ##.## #..# #.#
##.# #.# #.# ##'## #.#
##...## #.# #K@...#
###.### #..h....#
##...>.#
#.........####....#.#
.'.........+..........
#..#.........####....#.#
...##.......## ##.#.#.#.
#. ##...$.## #...)....
##...## ##.#.#.#.
.........


You could see Natasha and a kobold.

Vanquished Creatures
  A dart slug (D:1)
  A leopard gecko (D:1)
  A giant cockroach (D:1)
  8 goblins
  8 hobgoblins
  9 jackals
  7 kobolds
  A quokka (D:2)
  2 ball pythons (D:1)
  7 bats
  3 frilled lizards
  8 rats
56 creatures vanquished.

Notes
Turn   | Place    | Note
-------+----------+-------------------------------------------
     0 | D:1      | Adamkad1 the Gargoyle Fighter began the quest for the Orb.
     0 | D:1      | Reached XP level 1. HP: 14/14 MP: 1/1
    51 | D:1      | Reached XP level 2. HP: 19/19 MP: 2/2
   327 | D:1      | Reached XP level 3. HP: 23/23 MP: 3/3
  1271 | D:2      | Found a snail-covered altar of Cheibriados.
  1302 | D:2      | Reached XP level 4. HP: 29/29 MP: 4/4
  1396 | D:3      | Reached skill level 4 in Shields
  1547 | D:3      | Noticed Natasha
  1558 | D:3      | Slain by Natasha

Illustrated notes

Levels and vault maps discovered:
D:1:      psy_arrival_conway, layout_loops_ring, minmay_parallelograms
D:2:      layout_basic, nicolae_overflow_hidden_temple
D:3:      layout_loops_corners, kennysheep_crisscross, uniq_natasha, uniq_robin

Skill      XL: |  1  2  3  4 |
---------------+-------------+-----
Shields        | 4 |  4.0
Fighting       | |  3.7
Maces & Flails | |  2.8
Armour         | |  3.7

Action                   |  1- 3 |  4- 6 || total
-------------------------+-------+-------++-------
Melee: Flail             |   200 |    21 ||   221
Armor: Scale mail        |   122 |    11 ||   133
Dodge: Dodged            |    72 |     9 ||    81
Block: Kite shield       |   115 |    10 ||   125

Table legend: (Time is in decaauts)
 A = Elapsed time spent in this place.
 B = Non-inter-level travel time spent in this place.
 C = Inter-level travel time spent in this place.
 D = Time resting spent in this place.
 E = Time spent auto-exploring this place.
 F = Levels seen in this place.
 G = Mean time per level.
                   A        B        C        D        E       F      G
               +--------+--------+--------+--------+--------+-----+--------+
         Total |   1639 |   1611 |     28 |      0 |   1168 |   3 |  546.3 |
       Dungeon |   1639 |   1611 |     28 |      0 |   1168 |   3 |  546.3 |
               +--------+--------+--------+--------+--------+-----+--------+

Top non-repeatable levels by time:
     D:1: 757 daAuts
     D:2: 704 daAuts
     D:3: 177 daAuts
